 Dungeon Crawl Stone Soup version 0.21-a0-517-gd76cfe0 (webtiles) character file.

432 slep the Chopper (level 6, 0/47 HPs)
             Began as a Demonspawn Gladiator on Dec 4, 2017.
             Slain by an adder (3 damage)
             ... on level 4 of the Dungeon.
             The game lasted 00:06:04 (2559 turns).

slep the Chopper (Demonspawn Gladiator)             Turns: 2559, Time: 00:06:04

Health: 0/47       AC:  7    Str: 14    XL:     6   Next: 67%
Magic:  6/6        EV: 12    Int: 10    God:
Gold:   119        SH:  0    Dex: 19    Spells: 5/5 levels left

rFire    . . .     SeeInvis .   a - +0 war axe
rCold    . . .     Gourm    .   (no shield)
rNeg     . . .     Faith    .   j - +0 scale mail
rPois    .         Spirit   .   (helmet restricted)
rElec    .         Reflect  .   n - +0 cloak
rCorr    .         Harm     .   (no gloves)
MR       .....                  (no boots)
Stlth    +++.......             (no amulet)
HPRegen  0.15/turn              r - +3 ring of dexterity
MPRegen  0.10/turn              w - +1 ring of evasion

@: lethally poisoned (0 -> -9)
A: horns 1, nightstalker 2, rot immunity
a: no special abilities


You were on level 4 of the Dungeon.
You were very hungry.

You visited 1 branch of the dungeon, and saw 4 of its levels.

You collected 119 gold pieces.

Inventory:

Hand Weapons
 a - a +0 war axe (weapon)
Missiles
 d - 3 throwing nets (quivered)
Armour
 b - a +0 leather armour
 c - a +0 helmet
 j - a +0 scale mail (worn)
 n - a +0 cloak (worn)
Jewellery
 r - a +3 ring of dexterity (left hand)
 w - a +1 ring of evasion (right hand)
Scrolls
 e - 5 scrolls of identify {unknown}
 h - 2 scrolls of remove curse {unknown}
 o - 2 scrolls of teleportation {unknown}
 p - a scroll of immolation {unknown}
 s - a scroll of noise {unknown}
Potions
 i - 3 potions of degeneration {unknown}
 k - 2 potions of curing {unknown}
 l - 2 potions of flight {unknown}
 m - 2 potions of agility {unknown}
 q - a potion of heal wounds {unknown}
 u - a potion of haste {unknown}
 v - a potion of magic {unknown}
Comestibles
 f - 2 bread rations
 g - 2 royal jellies
 t - 2 meat rations


   Skills:
 + Level 3.1 Fighting
 + Level 5.1 Axes
 + Level 1.9 Throwing
 + Level 2.2 Armour
 + Level 3.6 Dodging
 + Level 1.4 Stealth


You had 5 spell levels left.
You didn't know any spells.

Dungeon Overview and Level Annotations

Branches:
Dungeon (4/15)
 Temple: D:4-7

Altars:
Cheibriados
Hepliaklqana
Ru
Uskayaw
Xom
Yredelemnul


Innate Abilities, Weirdness & Mutations

You have a pair of small horns on your head.
You are significantly more attuned to the shadows.
You are immune to rotting.


Message History

You closely miss the adder.
The adder is moderately wounded.
The adder bites you.
* * * LOW HITPOINT WARNING * * *
You are more poisoned.
The adder poisons you! The adder closely misses you.
You closely miss the adder. Your headbutt misses the adder.
The adder is moderately wounded.
You feel sick. The adder bites you but does no damage.
You hit the adder.
The adder is severely wounded.
You feel sick. The adder misses you. The adder bites you.
* * * LOW HITPOINT WARNING * * *
You are more poisoned.
The adder poisons you!
You completely miss the adder. Your headbutt misses the adder.
The adder is severely wounded.
* * * LOW HITPOINT WARNING * * *
You feel sick. The adder bites you.
You die...

...# .....##
..#...###
#......##
##...S...##
#....@....##
#..........##
............#
............## #
.............## ##
..............#
##.
...........#####..
............#.....
..............##..


You could see an adder.

Vanquished Creatures
  Sigmund (D:2)
  Menkaure (D:4)
  A vampire bat (D:3)
  A hound skeleton (D:4)
  A gnoll (D:1)
  4 adders (D:3)
  2 worms (D:2)
  2 dart slugs (D:3)
  An orc (D:3)
  10 bats
  3 giant cockroaches
  5 goblins
  4 hobgoblins
  3 jackals (D:1)
  6 kobolds
  A quokka (D:3)
  A frilled lizard (D:1)
  5 rats
52 creatures vanquished.

Notes
Turn   | Place    | Note
-------+----------+-------------------------------------------
     0 | D:1      | slep the Demonspawn Gladiator began the quest for the Orb.
     0 | D:1      | Reached XP level 1. HP: 16/16 MP: 1/1
    77 | D:1      | Reached skill level 3 in Axes
    77 | D:1      | Gained mutation: You have a pair of small horns on your head. [demonic ancestry]
    77 | D:1      | Reached XP level 2. HP: 22/22 MP: 2/2
   608 | D:1      | Gained mutation: You are slightly more attuned to the shadows. [demonic ancestry]
   608 | D:1      | Reached XP level 3. HP: 27/27 MP: 3/3
  1067 | D:2      | Found a shimmering altar of Xom.
  1068 | D:2      | Found a basalt altar of Yredelemnul.
  1343 | D:2      | Noticed Sigmund
  1354 | D:2      | Killed Sigmund
  1354 | D:2      | Reached skill level 4 in Axes
  1354 | D:2      | Reached skill level 1 in Armour
  1354 | D:2      | Gained mutation: You are significantly more attuned to the shadows. [demonic ancestry]
  1354 | D:2      | Reached XP level 4. HP: 24/34 MP: 4/4
  1354 | D:2      | Reached XP level 5. HP: 28/39 MP: 5/5
  1695 | D:3      | Found a hide-covered altar of Uskayaw.
  1695 | D:3      | Found a hazy altar of Hepliaklqana.
  1696 | D:3      | Found a snail-covered altar of Cheibriados.
  1696 | D:3      | Found a sacrificial altar of Ru.
  1935 | D:3      | Gained mutation: You are immune to rotting. [demonic ancestry]
  1935 | D:3      | Reached XP level 6. HP: 46/46 MP: 6/6
  2336 | D:4      | Reached skill level 1 in Stealth
  2545 | D:4      | Noticed Menkaure
  2554 | D:4      | Killed Menkaure
  2554 | D:4      | Reached skill level 5 in Axes
  2559 | D:4      | Slain by an adder

Vault maps used:
D:1:      lemuel_arrival_tunnels, st_stairs_4, minmay_stone_trees_small
D:2:      chequers_temple_overflow_statue_of_worship, first_bread, uniq_sigmund
D:3:      minitemple, roderic_batcave
D:4:      uniq_menkaure, uniq_grinder

Skill      XL: |  1  2  3  4  5  6 |
---------------+-------------------+-----
Axes           | 3 4 5 |  5.1
Dodging        | 3 |  3.6
Armour         | 1 2 |  2.2
Fighting       | 3 |  3.1
Stealth        | 1 |  1.4
Throwing       | |  1.9

Action                   |  1- 3 |  4- 6 || total
-------------------------+-------+-------++-------
Melee: War axe           |    86 |    77 ||   163
       Headbutt          |    10 |    17 ||    27
 Stab: Sleeping          |     1 |     7 ||     8
  Eat: Chunk             |       |     4 ||     4
Armor: Scale mail        |    31 |    31 ||    62
       Leather armour    |     5 |       ||     5
Dodge: Dodged            |    52 |    51 ||   103

Table legend:
 A = Spawn XP
 B = Non-spawn XP
 C = Spawn XP percentage of total XP
 D = Spawn monster count
 E = Non-spawn monster count
 F = Spawn count percentage of total count
 G = Total turns spent on level
                    A         B        C        D         E        F      G
               +---------+---------+-------+---------+---------+-------+---------
         Total |       0 |     618 |   0.0 |       0 |      52 |   0.0 |  2559
               +---------+---------+-------+---------+---------+-------+---------
           D:1 |       0 |      44 |   0.0 |       0 |      19 |   0.0 |   752
           D:2 |       0 |     241 |   0.0 |       0 |       8 |   0.0 |   842
           D:3 |       0 |     143 |   0.0 |       0 |      23 |   0.0 |   733
           D:4 |       0 |     190 |   0.0 |       0 |       2 |   0.0 |   232
               +---------+---------+-------+---------+---------+-------+---------
